 Dungeon Crawl Stone Soup version 0.20-a0-432-g25cc1b4 (webtiles) character file.

4587 mopl the Cleaver (level 10, -2/90 HPs)
             Began as a Hill Orc Wanderer on Jan 2, 2017.
             Was a Priest of Beogh.
             Slain by a two-headed ogre
             ... wielding a +0 giant club
              (9 damage)
             ... on level 9 of the Dungeon.
             The game lasted 00:17:49 (11930 turns).

mopl the Cleaver (Hill Orc Wanderer)               Turns: 11930, Time: 00:17:50

Health: -2/90      AC: 15    Str: 18    XL:     10   Next: 41%
Magic:  12/15      EV:  6    Int:  9    God:    Beogh [***...]
Gold:   593        SH:  0    Dex: 18    Spells: 9/9 levels left

rFire  . . .     SeeInvis .     a - +2 hand axe
rCold  . . .     Gourm    .     w - +0 plate armour (curse)
rNeg   . . .     Faith    +     (no shield)
rPois  +         Spirit   .     m - +0 helmet
rElec  .         Reflect  .     (no cloak)
rCorr  .         Harm     .     I - +0 pair of gloves "Toboef" {Dex+4} (curse)
MR     +....                    (no boots)
Stlth  ..........               o - amulet of faith {!P}
                                L - ring of poison resistance {=R}
                                K - ring of protection from magic

@: no status effects
A: no striking features
a: Smiting, Renounce Religion


You were on level 9 of the Dungeon.
You worshipped Beogh.
Beogh was most pleased with you.
You were very hungry.

You visited 1 branch of the dungeon, and saw 9 of its levels.
You also visited: Ossuary.

You collected 593 gold pieces.

Inventory:

Hand Weapons
 a - a +2 hand axe (weapon)
 p - a +1 rapier of venom
 u - a +2 dagger of venom
Missiles
 h - 5 tomahawks
 i - 37 poisoned needles
 l - 102 bolts
 y - 5 steel javelins (quivered)
Armour
 m - a +0 helmet (worn)
 w - a cursed +0 plate armour (worn)
 I - the cursed +0 pair of gloves "Toboef" (worn) {Dex+4}
   (You found it on level 6 of the Dungeon)

   It affects your dexterity (+4).
   It has a curse placed upon it.
Jewellery
 o - an amulet of faith (around neck) {!P}
 q - an uncursed ring of ice
 E - an uncursed amulet of harm {unknown}
 H - a +5 ring of dexterity
 K - a ring of protection from magic (left hand)
 L - a ring of poison resistance (right hand) {=R}
Wands
 x - a wand of iceblast (8/15)
 J - a wand of polymorph (2/24)
Scrolls
 b - 6 scrolls of teleportation
 e - a scroll of random uselessness {unknown}
 j - 4 scrolls of remove curse {unknown}
 n - 3 scrolls of enchant armour {unknown}
 s - 3 scrolls of fear {unknown}
 t - a scroll of amnesia {unknown}
 v - a scroll of magic mapping {unknown}
 F - a scroll of recharging {unknown}
 M - a scroll of enchant weapon {unknown}
 O - a scroll of noise {unknown}
 P - a scroll of fog {unknown}
 R - 2 scrolls of identify
 S - a scroll of blinking {unknown}
 T - 2 scrolls of immolation {unknown}
Potions
 c - a potion of invisibility
 f - 2 potions of agility
 g - 6 potions of heal wounds
 k - 2 potions of magic
 r - 2 potions of haste
 B - 3 potions of curing {unknown}
 D - 3 potions of might
 G - 2 potions of lignification {!q}
 N - a potion of brilliance
Comestibles
 d - 5 bread rations
 z - 10 slices of pizza
 A - 3 meat rations
 C - 13 fruits


   Skills:
 + Level 8.9 Fighting
 * Level 13.0(13.1) Axes
   Level 1.1(7.2) Maces & Flails
 + Level 7.3 Armour
   Level 1.1 Shields
 + Level 7.4 Invocations
 - Level 1.0 Evocations


You had 9 spell levels left.
You didn't know any spells.

Dungeon Overview and Level Annotations

Branches:
Dungeon (9/15)             Temple (0/1) D:4            Lair (0/6) D:9
    Orc: D:9-12

Altars:
Ashenzari
Elyvilon
Kikubaaqudgha
Nemelex Xobeh
Okawaru
Sif Muna
Yredelemnul
Zin

Shops:
D:6 %

Annotations:
D:6 fly


Message History

The two-headed ogre is heavily wounded.
The two-headed ogre hits you with a giant club!
The two-headed ogre hits you with a great mace.
You hit the two-headed ogre.
The two-headed ogre is heavily wounded.
You hit the two-headed ogre.
The two-headed ogre is heavily wounded.
The two-headed ogre hits you with a giant club!
The two-headed ogre hits you with a great mace!
* * * LOW HITPOINT WARNING * * *
Aiming: Smiting
Press: ? - help, Dir - move target cursor, f - two-headed ogre Smite: a two-headed ogre, wielding a giant club and a great mace (heavily wounded)
You smite the two-headed ogre!
The two-headed ogre is almost dead.
You can no longer recall your orcish followers.
The two-headed ogre hits you with a giant club!
* * * LOW HITPOINT WARNING * * *
The two-headed ogre hits you with a great mace!
You die...

..#### ###.....##
..##### #####.........#
......# #..#...........
...##.####.....P......P.
.#....[...........>.....
...#..[...............P.
##.##.###.###...........
#.#### #.# ##.........#
#.# #.# ###@....## #.#
... ##O...... #.# ...
(.....# .. #...# .......
#...# #...### ..?.. ...#
.... ....#


You could see a two-headed ogre.

Vanquished Creatures
  A two-headed ogre (D:8)
  Pikel (D:4)
  The ghost of graymark the Sneak, a novice OpWz of Vehumet (D:4)
  A hippogriff (D:8)
  Sigmund (D:6)
  A spriggan (D:8)
  A yak (D:8)
  A basilisk (D:9)
  2 orc warriors
  Duvessa (D:6)
  3 slaves (D:5)
  2 ice beasts
  2 ogres (D:4)
  3 centaurs (D:8)
  A crocodile (D:8)
  A bullfrog (D:8)
  Dowan (D:6)
  5 killer bees (D:8)
  2 crimson imps
  2 hounds (D:5)
  2 jellies
  6 orc priests
  11 orc wizards
  3 worker ants
  8 mummies (Ossuary)
  A hound skeleton (D:5)
  Robin (D:2)
  7 gnolls
  13 adders
  3 shadow imps
  An ooze (D:3)
  2 worms
  2 dart slugs (D:1)
  3 leopard geckos
  25 orcs
  4 ball pythons
  7 bats
  2 giant cockroaches
  A gnoll zombie (Ossuary)
  14 hobgoblins
  7 kobolds
  2 quokkas
  6 frilled lizards
  17 goblins
  3 hobgoblin zombies (Ossuary)
  A jackal skeleton (D:7)
  A kobold zombie (Ossuary)
  3 orc zombies (Ossuary)
  8 rats
  A spectral orc (D:4)
198 creatures vanquished.

Vanquished Creatures (collateral kills)
  An orc (D:8)
1 creature vanquished.

Vanquished Creatures (others)
  An orc priest (D:4)
  2 orc wizards
  An iguana (D:4)
  3 orcs
  A quokka skeleton (D:5)
8 creatures vanquished.

Grand Total: 207 creatures vanquished

Notes
Turn   | Place    | Note
-------+----------+-------------------------------------------
     0 | D:1      | mopl the Hill Orc Wanderer began the quest for the Orb.
     0 | D:1      | mopl set off with: a +2 hand axe, 2 scrolls of teleportation, a +0 robe, a bread ration
     0 | D:1      | Reached XP level 1. HP: 18/18 MP: 1/1
    93 | D:1      | Reached skill level 3 in Axes
   146 | D:1      | Reached XP level 2. HP: 6/25 MP: 2/2
   570 | D:1      | Reached skill level 3 in Fighting
   929 | D:1      | Reached XP level 3. HP: 29/31 MP: 3/3
   938 | D:1      | Reached skill level 4 in Axes
  1642 | D:2      | Reached XP level 4. HP: 33/38 MP: 4/4
  1768 | D:2      | Noticed Robin
  2017 | D:2      | Killed Robin
  2017 | D:2      | Reached skill level 5 in Axes
  2941 | D:3      | Found an iron altar of Okawaru.
  3023 | D:3      | Reached skill level 4 in Fighting
  3194 | D:4      | Became a worshipper of Beogh the Brigand
  3207 | D:3      | Reached XP level 5. HP: 26/46 MP: 5/5
  3346 | D:3      | Reached skill level 6 in Axes
  3668 | D:4      | Reached XP level 6. HP: 43/53 MP: 6/6
  4102 | D:4      | Reached skill level 5 in Fighting
  4102 | D:4      | Reached skill level 7 in Axes
  4257 | D:5      | Entered Level 5 of the Dungeon
  4550 | D:4      | Reached XP level 7. HP: 30/61 MP: 7/7
  4704 | D:4      | Reached * piety under Beogh
  4791 | D:4      | Found a staircase to the Ecumenical Temple.
  4862 | D:4      | Reached skill level 8 in Axes
  5093 | D:4      | Reached skill level 1 in Invocations
  5171 | D:4      | Found a basalt altar of Yredelemnul.
  5171 | D:4      | Noticed graymark's ghost (novice OpWz)
  5196 | D:4      | Killed graymark's ghost
  5196 | D:4      | Reached skill level 4 in Armour
  5196 | D:4      | Reached skill level 2 in Invocations
  5252 | D:4      | Found a faded altar of an unknown god.
  5252 | D:4      | Found a glowing silver altar of Zin.
  5259 | D:4      | Found an ancient bone altar of Kikubaaqudgha.
  5261 | D:4      | Found a faded altar of an unknown god.
  5262 | D:4      | Found a shattered altar of Ashenzari.
  5339 | D:4      | Reached skill level 6 in Fighting
  5449 | D:5      | Reached skill level 9 in Axes
  5449 | D:5      | Reached XP level 8. HP: 70/70 MP: 9/9
  5503 | D:5      | Noticed Pikel
  5767 | D:4      | Killed Pikel
  5767 | D:4      | Reached skill level 10 in Axes
  5767 | D:4      | Reached skill level 5 in Armour
  5767 | D:4      | Reached skill level 4 in Invocations
  5877 | D:5      | Reached ** piety under Beogh
  6459 | D:5      | Reached skill level 7 in Fighting
  6735 | D:6      | Noticed Sigmund
  6747 | D:6      | Killed Sigmund
  6747 | D:6      | Reached skill level 5 in Invocations
  6747 | D:6      | Reached XP level 9. HP: 79/79 MP: 12/12
  7125 | D:6      | Found a deep blue altar of Sif Muna.
  7188 | D:6      | Noticed Duvessa
  7188 | D:6      | Noticed Dowan
  7657 | D:6      | Reached skill level 11 in Axes
  7929 | D:6      | Killed Duvessa
  8300 | D:6      | Found Vumesic's Food Shop.
  8308 | D:6      | Killed Dowan
  8423 | D:6      | Reached skill level 6 in Armour
  8716 | D:6      | Got a pair of bloodstained gloves
  8722 | D:6      | Identified the cursed +0 pair of gloves "Toboef" {Dex+4} (You found it on level 6 of the Dungeon)
  9080 | D:7      | Reached *** piety under Beogh
  9711 | D:7      | Found a white marble altar of Elyvilon.
  9712 | D:7      | Found a sparkling altar of Nemelex Xobeh.
  9790 | D:8      | Reached skill level 6 in Invocations
 10000 | D:8      | Found a sand-covered staircase.
 10014 | Ossuary  | Entered an ossuary
 10310 | Ossuary  | Reached skill level 8 in Fighting
 10473 | D:8      | Noticed a two-headed ogre
 10483 | D:8      | Killed a two-headed ogre
 10483 | D:8      | Reached skill level 12 in Axes
 10483 | D:8      | Reached XP level 10. HP: 68/90 MP: 13/15
 10579 | D:8      | Reached skill level 7 in Invocations
 10837 | D:8      | Reached skill level 7 in Armour
 10974 | D:8      | Reached **** piety under Beogh
 11368 | D:9      | Found a staircase to the Lair.
 11821 | D:9      | Reached skill level 13 in Axes
 11920 | D:9      | Noticed a two-headed ogre
 11930 | D:9      | Slain by a two-headed ogre

Vault maps used:
D:1:      dpeg_arrival_morbid_curiosity, serial_bayou_ford_a
D:2:      first_bread, corexii_corridor_pit, uniq_robin
D:3:      minivault_11, okawaru_trees_1
D:4:      yredelemnul_forgotten_temple_becter,
          chequers_temple_overflow_minitemple, hangedman_decor_riveting
D:5:      small_statue_intersection, uniq_pikel
D:6:      led_sif_book, kennysheep_small_square, uniq_duvessa, uniq_sigmund
D:7:      nicolae_overflow_hidden_temple
D:8:      enter_ossuary_3, grunt_pizzeria
D:9:      kb_xom_exploding_sheep, david_lair_generic, abandoned_shop
Ossuary:  ossuary_tomb_3

Skill      XL: |  1  2  3  4  5  6  7  8  9 10 |
---------------+-------------------------------+-----
Axes           | 3 4 5 6 7 9 10 12 13 | 13.0
Fighting       | 3 4 5 6 7 8 |  8.9
Invocations    | 2 5 6 7 |  7.4
Armour         | 4 5 6 7 |  7.3
Maces & Flails | |  1.1
Shields        | |  1.1
Evocations     | |  1.0

Action                   |  1- 3 |  4- 6 |  7- 9 | 10-12 || total
-------------------------+-------+-------+-------+-------++-------
Melee: Hand axe          |    90 |   188 |   462 |   163 ||   903
       Dagger            |       |       |    14 |       ||    14
Throw: Javelin           |       |       |     3 |       ||     3
Invok: Convert to Beogh  |       |     1 |       |       ||     1
       Smiting           |       |       |       |     2 ||     2
  Use: Scroll            |       |       |     7 |     1 ||     8
       Potion            |       |       |     4 |       ||     4
 Stab: Sleeping          |     1 |       |       |       ||     1
       Distracted        |       |       |     1 |     2 ||     3
  Eat: Chunk             |     2 |     9 |    16 |     4 ||    31
       Fruit             |       |       |     2 |       ||     2
       Pizza             |       |       |     1 |       ||     1
Armor: Robe              |    15 |     5 |       |       ||    20
       Ring mail         |       |    30 |       |       ||    30
       Animal skin       |       |     5 |       |       ||     5
       Plate armour      |       |    32 |   215 |    96 ||   343
Dodge: Dodged            |    52 |    74 |    83 |    30 ||   239
